Map: Abyssal Reef LE

Players

Erfeyah

  • Race: Protoss Protoss
  • Spawn Location: 11:00

Pressure - Winner!

  • Race: Protoss Protoss
  • League: Silver
  • Spawn Location: 5:00

VOD

Have the link to the VOD?

Description

Time

  • Played on: Nov. 19, 2017, 4:40 p.m.
  • Length: 11:26
Show
View Real Time Build Order
Export as new Build Order

Erfeyah Protoss 

Build Orders:  

Get SALT Encoding   

  12  0:04  Probe  
  13  0:18  Pylon  
  13  0:23  Assimilator  
  13  0:42  Probe (Chrono Boost)  
  14  1:07  Gateway  
  14  1:09  Gateway  
  14  1:11  Gateway  
  14  1:28  Probe  
  15  1:35  Assimilator  
  15  1:41  Probe (Chrono Boost)  
  16  1:58  Probe (Chrono Boost)  
  16  2:00  Probe (Chrono Boost)  
  18  2:19  Pylon  
  18  2:22  Pylon  
  18  2:24  Pylon  
  18  2:28  Zealot  
  18  2:29  Pylon  
  20  2:31  Pylon  
  20  2:35  Zealot  
  22  3:19  Gateway  
  22  3:21  Gateway  
  22  3:34  Zealot  
  22  3:35  Zealot x2  
  28  3:48  Cybernetics Core  
  28  4:01  Zealot  
  28  4:02  Zealot  
  32  4:38  Nexus  
  32  4:46  Stalker x2  
  32  4:47  Stalker  
  32  4:50  Stalker  
  40  5:08  Warp Gate (Chrono Boost)  
  40  5:25  Probe  
  41  5:37  Probe  
  41  5:39  Stalker x3  
  41  5:40  Stalker  
  50  6:26  Gateway  
  50  6:29  Gateway  
  50  7:15  Pylon  
  50  7:17  Pylon  
  50  7:21  Probe (Chrono Boost)  
  51  7:23  Pylon  
  52  7:33  Probe (Chrono Boost)  
  52  7:37  Stalker  
  54  7:56  Assimilator  
  54  8:01  Probe  
  55  8:13  Probe  
  56  8:25  Probe  
  56  8:26  Stalker x2  
  56  8:27  Stalker x4  
  69  8:43  Probe  
  70  9:11  Gateway  
  70  9:15  Gateway  
  70  9:19  Pylon  
  70  9:21  Pylon  
  70  9:25  Pylon  
  70  9:44  Gateway  
  70  9:47  Gateway  
  70  9:50  Stalker x4  
  70  9:51  Stalker x2  
  42  10:34  Stalker x6  
  25  10:59  Stalker x4  
Show
View Real Time Build Order
Export as new Build Order

Pressure Protoss - Winner!

Build Orders:  

Get SALT Encoding   

  12  0:01  Probe  
  13  0:13  Probe  
  14  0:20  Pylon  
  14  0:26  Probe (Chrono Boost)  
  16  0:43  Probe (Chrono Boost)  
  16  0:45  Probe  
  16  0:48  Gateway  
  17  0:57  Assimilator  
  17  0:59  Probe  
  18  1:11  Probe  
  19  1:23  Probe  
  20  1:35  Probe, Pylon  
  21  1:41  Cybernetics Core, Zealot  
  23  1:53  Probe  
  24  2:05  Probe  
  25  2:12  Nexus  
  25  2:17  Probe  
  25  2:20  Warp Gate (Chrono Boost)  
  26  2:35  Gateway  
  26  2:46  Robotics Facility  
  26  2:48  Zealot  
  28  2:57  Pylon  
  28  3:02  Probe, Assimilator  
  29  3:14  Probe  
  30  3:23  Stalker  
  30  3:24  Stalker  
  30  3:26  Probe  
  35  3:36  Observer  
  35  3:38  Probe  
  37  3:45  Probe  
  38  3:50  Probe  
  39  3:58  Probe  
  40  4:08  Immortal  
  40  4:09  Robotics Facility  
  45  4:20  Probe (Chrono Boost)  
  45  4:22  Probe (Chrono Boost)  
  46  4:27  Pylon  
  48  4:31  Probe x2 (Chrono Boost)  
  48  4:34  Probe  
  49  4:40  Probe  
  49  4:43  Twilight Council  
  50  4:52  Probe  
  51  4:53  Immortal, Assimilator  
  51  4:54  Assimilator  
  55  5:01  Immortal  
  55  5:04  Probe (Chrono Boost)  
  60  5:13  Pylon  
  61  5:15  Probe (Chrono Boost)  
  61  5:18  Probe  
  62  5:31  Probe x2  
  62  5:33  Pylon  
  62  5:35  Pylon  
  64  5:39  Immortal  
  68  5:43  Probe x2  
  70  5:56  Probe  
  71  6:08  Probe  
  72  6:15  Templar Archives  
  72  6:17  Immortal  
  76  6:20  Probe  
  76  6:24  Forge  
  77  6:26  Forge  
  77  6:38  Stalker x2  
  81  6:41  Probe  
  82  6:48  Nexus  
  82  6:53  Probe  
  83  7:05  Probe, Pylon  
  84  7:14  Pylon  
  84  7:17  Probe, Pylon  
  84  7:19  Protoss Ground Armor Level 1, Protoss Ground Weapons Level 1  
  85  7:24  Immortal x2  
  93  7:34  Gateway  
  93  7:37  Zealot  
  93  7:39  Sentry  
  97  7:52  Assimilator  
  97  7:57  Assimilator  
  97  7:59  Sentry  
  99  8:06  Pylon  
  99  8:10  Pylon  
  99  8:16  Probe  
  100  8:20  High Templar  
  100  8:23  High Templar  
  104  8:28  Probe  
  105  8:34  Immortal  
  105  8:35  Immortal  
  105  8:41  High Templar  
  115  8:53  High Templar  
  117  8:57  Probe  
  118  9:09  Probe  
  119  9:21  Probe  
  119  9:22  Archon  
  119  9:23  Archon  
  120  9:33  Probe  
  121  9:51  Probe  
  122  9:54  Stalker  
  122  9:55  Stalker x2  
  128  10:02  Gateway  
  128  10:03  Probe  
  129  10:08  Probe  
  126  10:20  Probe  
Tags
 
League
Silver
Matchup
PvP
Spawn Locations
Cross Positions
Add a new tag
Caveats
  • Supply blocks, unpowered buildings, or Contaminate may cause inaccurate times.
  • Supply counts are checked every 10 seconds.